 Dungeon Crawl Stone Soup version 0.21.1-1-g345015f (webtiles) character file.

214 sking99 the Sneak (level 5, -3/25 HPs)
             Began as a Spriggan Enchanter on June 21, 2018.
             Was a Believer of Ru.
             Slain by sking99's ghost (11 damage)
             ... on level 4 of the Dungeon.
             The game lasted 00:31:17 (5060 turns).

sking99 the Sneak (Spriggan Enchanter)              Turns: 5060, Time: 00:31:18

Health: -3/25      AC: -3    Str:  4    XL:     5   Next: 60%
Magic:  3/11       EV: 20    Int: 17    God:    Ru [**....]
Gold:   128        SH:  0    Dex: 17    Spells: 2/11 levels left

rFire    . . .     SeeInvis +   p - +2 dagger (drain)
rCold    . . .     Gourm    .   (shield restricted)
rNeg     . . .     Faith    .   b - +0 robe
rPois    .         Spirit   .   (helmet restricted)
rElec    .         Reflect  .   (no cloak)
rCorr    +         Harm     .   (gloves unavailable)
MR       .....                  (boots unavailable)
Stlth    +++.......             (no amulet)
HPRegen  0.08/turn              v - ring of resist corrosion
MPRegen  0.12/turn              (no ring)

@: starving, very quick
A: very small, unfitting armour, see invisible, herbivore, speed 3, slow
metabolism 2, reduced AC 1
a: Renounce Religion


You were on level 4 of the Dungeon.
You worshipped Ru.
Ru was pleased with you.
You were starving.

You visited 1 branch of the dungeon, and saw 4 of its levels.

You collected 128 gold pieces.

Inventory:

Hand Weapons
 a - a +2 dagger
 m - a +1 dagger of venom
 p - a +2 dagger of draining (weapon)
 u - a +1 short sword of holy wrath
Armour
 b - a +0 robe (worn)
 y - a +2 hat
 A - a scarf of resistance
Jewellery
 i - an uncursed amulet of the gourmand
 q - an uncursed amulet of inaccuracy
 v - a ring of resist corrosion (left hand)
Wands
 n - a wand of clouds (4)
Scrolls
 j - 2 scrolls of teleportation
Potions
 e - 3 potions of degeneration {unknown}
 f - 2 potions of curing {unknown}
 g - 2 potions of lignification {unknown}
 h - 4 potions of brilliance {unknown}
 k - 2 potions of magic {unknown}
 l - a potion of flight {unknown}
 s - a potion of agility
 x - a potion of heal wounds {unknown}
Books
 c - a book of Maledictions

   Spells                             Type                      Level
   a - Corona                         Hexes                        1
   b - Ensorcelled Hibernation        Hexes/Ice                    2
   c - Confuse                        Hexes                        3
   d - Tukima's Dance                 Hexes                        3
   e - Dazzling Spray                 Conjuration/Hexes            3
Comestibles
 d - 7 rations


   Skills:
 - Level 0.7 Fighting
 + Level 1.1 Short Blades
 + Level 4.5 Dodging
 + Level 6.0 Stealth
 + Level 3.9 Spellcasting
 + Level 0.0 Conjurations
 - Level 5.0 Hexes
 - Level 1.0 Ice Magic


You had 2 spell levels left.
You knew the following spells:

 Your Spells              Type           Power        Failure   Level  Hunger
a - Ensorcelled Hibernat  Hex/Ice        ##....       7%          2    ##.....
b - Corona                Hex            ###....      1%          1    None
c - Confuse               Hex            ###.....     6%          3    ###....
d - Dazzling Spray        Conj/Hex       ##....       17%         3    ###....


Dungeon Overview and Level Annotations

Branches:
Dungeon (4/15)
 Temple: D:4-7

Altars:
Cheibriados
Fedhas
Okawaru
Ru
Vehumet
Wu Jian

Annotations:
D:4 sking99's ghost, novice NaTm


Innate Abilities, Weirdness & Mutations

You are very small and have problems with some larger weapons.
You are too small for most types of armour.
You have supernaturally acute eyesight. (SInv)
You are a herbivore.
You cover ground extremely quickly.
You need consume almost no food.
You take slightly more damage. (AC -5)


Message History

Sking99's ghost is almost destroyed.
Sking99's ghost seems less confused.
The frilled lizard closely misses you. Sking99's ghost hits you!
You hit sking99's ghost but do no damage.
Sking99's ghost is almost destroyed.
The frilled lizard closely misses you.
You redirect sking99's ghost's attack!
Sking99's ghost hits the frilled lizard!
The frilled lizard dies!
Sking99's ghost turns its malevolent gaze towards you.
You hit sking99's ghost but do no damage.
Sking99's ghost is almost destroyed.
Sking99's ghost hits you.
* * * LOW HITPOINT WARNING * * *
You focus your will and illuminate sking99's ghost in retribution!
Sking99's ghost closely misses you.
You hit sking99's ghost but do no damage.
Sking99's ghost is almost destroyed.
Sking99's ghost hits you!
You die...

# # #####. .#
#.....#####.# #.#
#...#... #.#
##.#.###.#
########W####........#
#.......@..<..#)######
#.######.######[#
.........# #.#
#.#####..######.# #
#.# #^..†h†W...#
#.#.####...########
#..........#
#.#######..# # ####..#


You could see sking99's ghost.

Vanquished Creatures
  Natasha (thrice) (D:2)
  A worker ant (D:2)
  A hound skeleton (D:4)
  2 adders (D:3)
  A worm (D:3)
  A leopard gecko (D:1)
  5 ball pythons
  8 bats
  A giant cockroach (D:2)
  10 hobgoblins
  15 jackals
  11 kobolds
  3 frilled lizards
  6 goblins
  11 rats
79 creatures vanquished.

Vanquished Creatures (others)
  A frilled lizard (D:4)
1 creature vanquished.

Grand Total: 80 creatures vanquished

Notes
Turn   | Place    | Note
-------+----------+-------------------------------------------
     0 | D:1      | sking99 the Spriggan Enchanter began the quest for the Orb.
     0 | D:1      | Reached XP level 1. HP: 9/9 MP: 5/5
   444 | D:1      | Reached XP level 2. HP: 7/13 MP: 6/6
   448 | D:1      | Learned a level 2 spell: Ensorcelled Hibernation
  1370 | D:1      | Reached skill level 5 in Stealth
  1444 | D:1      | Reached XP level 3. HP: 16/16 MP: 0/8
  2323 | D:2      | Noticed Natasha
  2344 | D:2      | Killed Natasha
  2344 | D:2      | Reached skill level 1 in Ice Magic
  2399 | D:2      | Noticed Natasha
  2695 | D:2      | Reached XP level 4. HP: 18/21 MP: 2/10
  3051 | D:2      | Killed Natasha
  3111 | D:2      | Noticed Natasha
  3116 | D:2      | Killed Natasha
  3116 | D:2      | Reached XP level 5. HP: 22/25 MP: 5/11
  3257 | D:2      | Found a sacrificial altar of Ru.
  3269 | D:2      | Became a worshipper of Ru the Awakened
  4640 | D:3      | Found a snail-covered altar of Cheibriados.
  4651 | D:3      | Found an iron altar of Okawaru.
  4652 | D:3      | Found an ornate altar of the Wu Jian Council.
  4654 | D:3      | Found a blossoming altar of Fedhas.
  4660 | D:3      | Found a radiant altar of Vehumet.
  4833 | D:4      | Reached skill level 5 in Hexes
  4876 | D:4      | Learned a level 3 spell: Confuse
  4880 | D:4      | Learned a level 3 spell: Dazzling Spray
  4897 | D:4      | Noticed sking99's ghost (novice NaTm)
  4901 | D:4      | Gained mutation: You take slightly more damage. (AC -5) [Ru sacrifice]
  4901 | D:4      | Reached * piety under Ru
  4901 | D:4      | Reached ** piety under Ru
  5031 | D:4      | Reached skill level 6 in Stealth
  5060 | D:4      | Slain by sking99's ghost

Skill      XL: |  1  2  3  4  5 |
---------------+----------------+-----
Spellcasting   | 3 |  3.9
Hexes          | 4 5 |  5.0
Stealth        | 5 6 |  6.0
Ice Magic      | 1 |  1.0
Dodging        | 4 |  4.5
Fighting       | |  0.7
Short Blades   | |  1.1

Action                   |  1- 3 |  4- 6 || total
-------------------------+-------+-------++-------
Melee: Dagger            |    94 |    88 ||   182
 Cast: Ensorcelled Hiber |    60 |    66 ||   126
       Confuse           |       |     6 ||     6
Invok: Sacrifice Health  |       |     1 ||     1
  Use: Scroll            |       |     8 ||     8
 Stab: Sleeping          |    29 |    32 ||    61
       Confused          |       |     3 ||     3
  Eat: Ration            |     2 |     1 ||     3
Armor: Robe              |     8 |    11 ||    19
Dodge: Dodged            |   103 |   137 ||   240
